AoeStats
← coys

Lombardia

509322196Analyzed
4v4 RM · 5d ago on Sep 26, 2026· 25m 45s· 8 players
Game mode
Random Map
Map size
Large (8 player)
Population
200
Speed
Normal
Resources
Standard
Victory
Conquest
Starting age
Dark Age
Ending age
Imperial Age
RankedLock teamsTeams togetherTeam positionsShared explorationLock speedFull tech treeHidden civsTurbo modeCheats
Victory
Defeat
🇵🇰 Khitans · Pakistan
1293
+12
🇰🇷 Italians · South Korea
1248
+14
🇵🇰 Goths · Pakistan
1233
+15
🇵🇰 Khmer · Pakistan
1134
+20
🇹🇷 Persians · Türkiye
1243
-17
🇦🇺 Huns · Australia
1219
-16
🇰🇷 Spanish · South Korea
1217
-15
🇮🇹 Maya · Italy
1155
-13
XI JINPING
12:34 Feudal Age
14:34 Double-Bit Axe
14:42 Stone Mining
19:00 Castle Age
17:16 Fletching
17:09 Horse Collar
17:23 Gold Mining
18:52 Padded Archer Armor
20:03 Heavy Plow
AbIGwAteRmElOn
2:59 Loom
12:26 Feudal Age
13:04 Horse Collar
14:24 Town Watch
15:14 Wheelbarrow
20:00 Castle Age
18:21 Double-Bit Axe
19:19 Bloodlines
20:23 Forging
20:19 Scale Barding Armor
20:58 Husbandry
romoletto609
1:07 Loom
10:56 Feudal Age
11:34 Double-Bit Axe
14:47 Fletching
17:32 Horse Collar
19:49 Padded Archer Armor
20:01 Gold Mining
24:19 Castle Age
22:43 Man-at-Arms
24:26 Forging
24:17 Scale Mail Armor
24:21 Long Swordsman
sweetyboy
10:56 Feudal Age
15:33 Castle Age
14:08 Double-Bit Axe
16:15 Loom
16:55 Horse Collar
22:37 Wheelbarrow
Zuku
10:00 Feudal Age
12:35 Loom
14:58 Castle Age
13:31 Double-Bit Axe
15:46 Gold Mining
21:05 Imperial Age
19:31 Forging
19:21 Scale Mail Armor
20:53 Iron Casting
21:00 Iron Casting
21:35 Bow Saw
21:47 Chain Mail Armor
22:53 Blast Furnace
22:15 Conscription
21:59 Squires
22:24 Perfusion
Mehar
9:38 Feudal Age
7:54 Loom
12:27 Double-Bit Axe
16:28 Gold Mining
19:33 Stone Mining
23:03 Horse Collar
24:23 Wheelbarrow
23:35 Town Watch
PAWA
6:31 Loom
9:24 Feudal Age
14:42 Castle Age
12:46 Double-Bit Axe
13:31 Horse Collar
15:54 Coinage
16:02 Wheelbarrow
17:02 Bow Saw
22:33 Heavy Plow
24:36 Hand Cart
24:19 Gold Mining
coys
6:13 Loom
11:02 Feudal Age
11:36 Double-Bit Axe
11:32 Domestication
20:29 Gold Mining
Connection lost

Rejoining the realm…

Still unreachable

The connection could not be restored.

Session expired

The server has moved on; the page needs a fresh start.